 Dungeon Crawl Stone Soup version 0.28-a0-268-g3f656e82c2 (webtiles) character file.

Game seed: 3940701407911012959

5511 McIrco the Protected (level 10, -14/90 HPs)
             Began as a Minotaur Fighter on Aug 28, 2021.
             Was an Initiate of Gozag.
             Demolished by a two-headed ogre (23 damage)
             ... on level 8 of the Dungeon.
             The game lasted 00:17:38 (11389 turns).

McIrco the Protected (Minotaur Fighter)            Turns: 11389, Time: 00:17:39

Health: -14/90     AC: 17    Str: 28    XL:     10   Next: 43%
Magic:  9/9        EV:  8    Int:  5    God:    Gozag
Gold:   438        SH: 16    Dex: 10    Spells: 9/9 levels left

rFire   + . .      SeeInvis .   a - +1 war axe
rCold   + . .      Faith    .   c - +0 kite shield
rNeg    . . .      Spirit   .   d - +0 plate armour
rPois   +          Reflect  +   (helmet restricted)
rElec   .          Harm     .   (no cloak)
rCorr   .          Rampage  .   (no gloves)
Will    .....                   G - +0 pair of boots of Theory {rPois rC+ Will- Str+4}
Stlth   ..........              e - amulet of reflection
HPRegen 0.25/turn               l - ring of protection from fire
MPRegen 0.11/turn               (no ring)

@: very slightly contaminated, invisible
A: horns 2, retaliatory headbutt
a: Renounce Religion, Potion Petition, Call Merchant, Bribe Branch


You were on level 8 of the Dungeon.
You worshipped Gozag.
Gozag was aware of your devotion.
You visited 2 branches of the dungeon, and saw 9 of its levels.
You also visited: Sewer.

You collected 775 gold pieces.
You spent 182 gold pieces at shops.
You paid 155 gold pieces to Gozag.

Inventory:

Hand Weapons
 a - a +1 war axe (weapon)
Armour
 c - a +0 kite shield (worn)
 d - a +0 plate armour (worn)
 G - the +0 pair of boots of Theory (worn) {rPois rC+ Will- Str+4}
   (You found it on level 8 of the Dungeon)

   Str:       It affects your strength (+4).
   rC:        It protects you from cold.
   rPois:     It protects you from poison.
   Will:      It decreases your willpower.
Jewellery
 e - an amulet of reflection (around neck)
 l - a ring of protection from fire (left hand)
Wands
 y - a wand of paralysis (19)
 C - a wand of mindburst (8)
 F - a wand of polymorph (8)
Scrolls
 b - a scroll of enchant weapon
 j - 8 scrolls of identify
 o - 2 scrolls of fear
 t - 3 scrolls of fog
 u - a scroll of magic mapping
 B - a scroll of amnesia
 D - a scroll of immolation {unknown}
Potions
 g - a potion of experience {unknown}
 k - 2 potions of flight {unknown}
 n - a potion of invisibility
 p - a potion of cancellation {unknown}
 q - 3 potions of attraction {unknown}
 s - a potion of magic {unknown}
 v - a potion of ambrosia {unknown}
 x - 4 potions of curing
 A - a potion of mutation {unknown}
 E - a potion of resistance {unknown}


   Skills:
 + Level 8.6 Fighting
 - Level 2.4 Axes
 * Level 12.5 Armour
 + Level 3.8 Dodging
 + Level 11.2 Shields


You had 9 spell levels left.
You didn't know any spells.
Your spell library contained the following spells:

 Spells                   Type           Power      Damage    Failure   Level
 Beastly Appendage        Tmut           0%         N/A       99%         1
 Slow                     Hex            0%         N/A       100%        2
 Sublimation of Blood     Necr           0%         N/A       100%        2
 Wereblood                Tmut           0%         N/A       100%        2
 Confusing Touch          Hex            0%         N/A       100%        3
 Spider Form              Tmut/Pois      0%         N/A       100%        3
 Vampiric Draining        Necr           0%         2d6       100%        3
 Petrify                  Tmut/Erth      0%         N/A       100%        4
 Irradiate                Conj/Tmut      0%         3d13      100%        5
 Summon Hydra             Summ           0%         N/A       100%        7


Dungeon Overview and Level Annotations

Branches:
Dungeon (8/15)             Temple (1/1) D:7           Sewer (visited)
   Lair: D:8-11

Altars:
Ashenzari
Cheibriados
Dithmenos
Elyvilon
Fedhas
Gozag
Hepliaklqana
Kikubaaqudgha
Makhleb
Nemelex Xobeh
Okawaru
Qazlal
Ru
Sif Muna
Trog
Uskayaw
Vehumet
Wu Jian
Xom
Yredelemnul
Zin
The Shining One

Shops:
D:5 [((:(!

Annotations:
D:4 Pikel


Innate Abilities, Weirdness & Mutations

You have a pair of horns on your head.
You reflexively headbutt those who attack you in melee.


Message History

You now have 438 gold pieces (gained 7).
Things that are here:
a +0 short sword; 6 poisoned darts; a +0 ring mail A two-headed ogre comes into view.
It is wielding a +0 giant spiked club and a +0 giant club.
A two-headed ogre is nearby!
Unknown command.
The two-headed ogre shouts in stereo!
You slash the two-headed ogre!
Your headbutt misses the two-headed ogre.
The two-headed ogre is moderately wounded.
The two-headed ogre hits you with a +0 giant spiked club!
You block the two-headed ogre's attack.
You barely miss the two-headed ogre.
The two-headed ogre is moderately wounded.
The two-headed ogre hits you with a +0 giant spiked club!!
The two-headed ogre hits you but does no damage.
You slash the two-headed ogre!
The two-headed ogre is heavily wounded.
The two-headed ogre hits you with a +0 giant spiked club.
The two-headed ogre hits you with a +0 giant club!
You block the two-headed ogre's attack.
The two-headed ogre hits you but does no damage.
You are too injured to fight recklessly!
Unknown command.
You are too injured to fight recklessly!
You are too injured to fight recklessly!
You hit the two-headed ogre.
Your headbutt misses the two-headed ogre.
The two-headed ogre is heavily wounded.
The two-headed ogre hits you with a +0 giant spiked club!!
* * * LOW HITPOINT WARNING * * *
You block the two-headed ogre's attack.
You fade into invisibility!
You are very lightly contaminated with residual magic.
You slash the two-headed ogre!
The two-headed ogre is severely wounded.
You block the two-headed ogre's attack.
The two-headed ogre hits you with a +0 giant club!!
You die...
Your body crumbles into a pile of gold.

#####.#########..#######.)##
## # #......###..##
##).#####. # #......##..##
##)...... # #......##.##
######## # #......##.#. ## #
#......##.#. #. ##
#......##.#.#. ...
#......##.#.O# ..#
#####'#####.#.@#######..#
#.......# #.##..#.#.#..#
#.......# #..##.......#
#.......# ##..##.)...##
######'## ##..###.###
########..# ##.###...#
..........## #.#..#..#
########...# #.###.### ###.#
#.#.## #.#..#..#


You could see a two-headed ogre.

Vanquished Creatures
  A manticore (D:8)
  An ugly thing (D:8)
  Joseph (D:8)
  Eustachio (D:5)
  3 steam dragons
  A water moccasin (D:8)
  An ice beast (D:6)
  2 orc warriors (D:8)
  3 sky beasts
  A black bear (D:6)
  5 necrophages
  2 ogres
  2 centaurs
  3 phantoms
  7 kobold brigands
  4 lemures
  2 bullfrogs
  A wyvern zombie (D:7)
  2 scorpions
  A water moccasin skeleton (D:4)
  2 wyvern skeletons
  A wight (D:8)
  2 centaur zombies (D:5)
  A bullfrog skeleton (D:6)
  A gnoll shaman (D:6)
  3 hounds
  A centaur skeleton (D:6)
  3 iguanas
  Natasha (twice) (D:4)
  3 orc wizards
  A scorpion zombie (D:5)
  A killer bee zombie (D:6)
  A hound zombie (D:5)
  A hound skeleton (D:4)
  2 howler monkey zombies
  Robin (D:4)
  A river rat (Sewer)
  11 adders
  A white imp (D:7)
  2 ufetubi
  5 worms
  4 dart slugs
  20 orcs
  14 endoplasms
  6 giant cockroaches
  17 goblins
  11 hobgoblins
  12 jackals
  4 quokkas
  6 ball pythons
  2 bats
  7 frilled lizards
  25 kobolds
  8 rats
226 creatures vanquished.

Vanquished Creatures (collateral kills)
  A hydra (D:8)
1 creature vanquished.

Vanquished Creatures (others)
  A kobold brigand (D:4)
  2 bushes (D:5)
  17 plants
20 creatures vanquished.

Grand Total: 247 creatures vanquished

Notes
Turn   | Place    | Note
-------+----------+-------------------------------------------
     0 | D:1      | McIrco the Minotaur Fighter began the quest for the Orb.
     0 | D:1      | Reached XP level 1. HP: 19/19 MP: 0/0
   151 | D:1      | Reached skill level 4 in Armour
   151 | D:1      | Reached XP level 2. HP: 27/27 MP: 1/1
   174 | D:1      | Found a faded altar of an unknown god.
   659 | D:1      | Reached XP level 3. HP: 15/33 MP: 2/2
  1769 | D:3      | Reached skill level 1 in Dodging
  1781 | D:3      | Reached XP level 4. HP: 34/41 MP: 3/3
  1805 | D:3      | Found a glowing drain.
  1848 | D:3      | Reached skill level 5 in Armour
  1854 | Sewer    | Entered a sewer
  2155 | Sewer    | Noticed a kobold brigand
  2155 | Sewer    | Noticed a kobold brigand
  2164 | Sewer    | Killed a kobold brigand
  2165 | Sewer    | Reached skill level 5 in Shields
  2165 | Sewer    | Reached XP level 5. HP: 33/47 MP: 4/4
  2338 | Sewer    | Reached skill level 5 in Fighting
  2338 | Sewer    | Reached XP level 6. HP: 37/56 MP: 5/5
  2500 | Sewer    | Reached skill level 6 in Armour
  2945 | Sewer    | Reached XP level 7. HP: 54/61 MP: 6/6
  3299 | D:3      | Found a glowing golden altar of the Shining One.
  3524 | D:3      | Found a white marble altar of Elyvilon.
  3862 | D:4      | Noticed Robin
  3889 | D:4      | Killed Robin
  4423 | D:4      | Reached skill level 7 in Armour
  4459 | D:4      | Noticed Natasha
  4471 | D:4      | Killed Natasha
  5069 | D:4      | Found a sparkling altar of Nemelex Xobeh.
  5200 | D:4      | Noticed Natasha
  5209 | D:4      | Killed Natasha
  5221 | D:5      | Entered Level 5 of the Dungeon
  5221 | D:5      | Noticed Pikel
  5605 | D:5      | Reached XP level 8. HP: 26/70 MP: 7/7
  5616 | D:5      | HP: 2/70 [lemure[Pikel] (6)]
  5906 | D:5      | Found a bloodstained altar of Trog.
  6432 | D:5      | Found Ceyr's Book Emporium.
  6433 | D:5      | Found Giqiugem's Antique Weapon Shoppe.
  6434 | D:5      | Found Siduej's Armour Boutique.
  6434 | D:5      | Found Woneul's Weapon Shop.
  6435 | D:5      | Found Dieloenurch's Weapon Boutique.
  6435 | D:5      | Found Zeadoh's Distillery.
  6561 | D:5      | Reached skill level 8 in Armour
  6617 | D:5      | Noticed Eustachio
  6628 | D:5      | Killed Eustachio
  6799 | D:5      | Found a blossoming altar of Fedhas.
  6989 | D:5      | Reached skill level 9 in Armour
  7039 | D:5      | Reached XP level 9. HP: 66/78 MP: 8/8
  7140 | D:5      | Bought a potion of curing for 42 gold pieces
  7140 | D:5      | Bought a potion of curing for 42 gold pieces
  7140 | D:5      | Bought a potion of curing for 42 gold pieces
  7140 | D:5      | Bought a potion of might for 56 gold pieces
  7410 | D:6      | Reached skill level 10 in Armour
  7956 | D:6      | Reached skill level 10 in Shields
  9014 | D:7      | Found a staircase to the Ecumenical Temple.
  9033 | Temple   | Entered the Ecumenical Temple
  9100 | Temple   | Became a worshipper of Gozag Ym Sagoz the Greedy
  9562 | D:7      | Found a shimmering blue altar of Sif Muna.
  9731 | D:8      | Reached skill level 11 in Armour
  9740 | D:8      | Identified the +0 pair of boots of Theory {rPois rC+ Will-
                  | Str+4}
  9789 | D:8      | Noticed Joseph
  9812 | D:8      | Killed Joseph
 10198 | D:8      | Reached XP level 10. HP: 82/88 MP: 9/9
 10348 | D:8      | Noticed a red ugly thing
 10361 | D:8      | Killed a red ugly thing
 10386 | D:8      | Noticed a four-headed hydra
 10790 | D:8      | Noticed a manticore
 10804 | D:8      | Killed a manticore
 10805 | D:8      | Reached skill level 12 in Armour
 10978 | D:8      | Killed a five-headed hydra
 11382 | D:8      | Noticed a two-headed ogre
 11389 | D:8      | Demolished by a two-headed ogre

Illustrated notes

Levels and vault maps discovered:
D:1:      minmay_arrival_hallway, layout_basic,
          ebering_ecumenical_altar_abandoned
D:2:      layout_rooms
D:3:      layout_loops_ring, mainiacjoe_overflow_paths,
          mainiacjoe_overflow_catwalk, portal_sewer_entry_f
D:4:      cheibrodos_thug_alley, layout_basic, general_overflow_altar,
          st_stairs_3, uniq_natasha, uniq_robin
D:5:      layout_rooms, fedhas_altar_decomposition, trog_three_pillars_becter,
          nicolae_wooded_promenade, minmay_small_thing, uniq_pikel,
          uniq_eustachio
D:6:      kennysheep_six_static_rooms, layout_basic, serial_glass,
          glass_columns_b, glass_columns_b
D:7:      layout_cave_pools, lemuel_blue_sif_altar,
          minmay_temple_entry_large_hall, serial_bayou_lagoon_b
D:8:      minmay_the_grid_octo_tiled_octocenter [minmay_the_grid_octo_pinwheel,
          minmay_the_grid_octo_chip, minmay_the_grid_octo_focus,
          minmay_the_grid_octo_77, minmay_the_grid_octo_prize_single_spiral,
          minmay_the_grid_square_5x5_doubleslash,
          minmay_the_grid_square_5x5_plus, minmay_the_grid_square_5x5_bridge,
          minmay_the_grid_square_5x5_beaten_path], layout_basic,
          uniq_prince_ribbit1, uniq_joseph, uniq_erica
Temple:   nicolae_temple_x_marks_the_god

Skill      XL: |  1  2  3  4  5  6  7  8  9 10 |
---------------+-------------------------------+-----
Armour         | 4 5 6 7 9 11 12 | 12.5
Fighting       | 4 5 6 8 |  8.6
Shields        | 4 5 6 7 9 10 11 | 11.2
Dodging        | 1 2 3 |  3.8
Axes           | |  2.4

Action                   |  1- 3 |  4- 6 |  7- 9 | 10-12 || total
-------------------------+-------+-------+-------+-------++-------
Melee: War axe           |   107 |   131 |   509 |    58 ||   805
       Headbutt          |    14 |    14 |    91 |    17 ||   136
Evoke: Wand              |       |       |       |     3 ||     3
  Use: Scroll            |     3 |       |     1 |     7 ||    11
       Potion            |       |       |     4 |     6 ||    10
 Stab: Invisible         |       |       |       |     2 ||     2
       Distracted        |       |       |       |     1 ||     1
Armor: Scale mail        |    51 |    30 |    73 |       ||   154
       Plate armour      |       |       |   171 |    35 ||   206
Dodge: Dodged            |    30 |    32 |   152 |    18 ||   232
Block: Kite shield       |    83 |   102 |   453 |    74 ||   712
       Reflection        |     1 |     2 |    12 |     2 ||    17

Table legend: (Time is in decaauts)
 A = Elapsed time spent in this place.
 B = Non-inter-level travel time spent in this place.
 C = Inter-level travel time spent in this place.
 D = Time resting spent in this place.
 E = Time spent auto-exploring this place.
 F = Levels seen in this place.
 G = Mean time per level.
                   A        B        C        D        E       F      G
               +--------+--------+--------+--------+--------+-----+--------+
         Total |  12019 |  11692 |    327 |   1182 |   7996 |  10 | 1201.9 |
       Dungeon |  10352 |  10051 |    301 |   1182 |   6799 |   8 | 1294.0 |
        Temple |     77 |     51 |     26 |      0 |     46 |   1 |   77.0 |
         Sewer |   1589 |   1589 |      0 |      0 |   1150 |   1 | 1589.0 |
               +--------+--------+--------+--------+--------+-----+--------+

Top non-repeatable levels by time:
     D:5: 1716 daAuts
   Sewer: 1589 daAuts
     D:8: 1565 daAuts
     D:4: 1552 daAuts
     D:7: 1367 daAuts
     D:6: 1280 daAuts
     D:1: 1231 daAuts
     D:3: 1052 daAuts
     D:2: 586 daAuts
  Temple: 77 daAuts
